 Dungeon Sprint DCSS version 0.21-a0-272-g984ae92 (webtiles) character file.

1501 potatolord6000 the Apostle (level 8, -7/83 HPs)
             Began as a Hill Orc Monk on Sept 15, 2017.
             Was a High Priest of Beogh.
             Killed from afar by a ynoxinul (34 damage)
             ... with an iron shot
             ... in the Dungeon (Sprint VII: "The Pits").
             The game lasted 00:04:04 (721 turns).

potatolord6000 the Apostle (Hill Orc Monk)           Turns: 721, Time: 00:04:05

Health: -7/83      AC: 16    Str: 16    XL:     8   Next: 81%
Magic:  7/17       EV:  6    Int: 10    God:    Beogh [*****.]
Gold:   0          SH:  0    Dex: 13    Spells: 7/7 levels left

rFire    . . .     SeeInvis .   b - +2 mace (crush)
rCold    . . .     Gourm    .   (no shield)
rNeg     . . .     Faith    .   o - +2 plate armour
rPois    .         Spirit   .   (no helmet)
rElec    .         Reflect  .   (no cloak)
rCorr    .         Harm     .   (no gloves)
MR       .....     NoTele   +   (no boots)
Stlth    ..........             (no amulet)
HPRegen  0.23/turn              (no ring)
MPRegen  0.15/turn              (no ring)

@: no status effects
A: walk on water
a: Smiting, Recall Orcish Followers, Give Item to Named Follower, Renounce
Religion


You were in the Dungeon.
You worshipped Beogh.
Beogh was extremely pleased with you.
You were not hungry.

You visited 1 branch

Inventory:

Hand Weapons
 b - a +2 mace of crushing (weapon)
Armour
 o - a +2 plate armour (worn)
Wands
 p - a wand of flame (23/48)
Scrolls
 i - a scroll of blinking
 j - 3 scrolls of remove curse
 k - 5 scrolls of amnesia
 l - a scroll of summoning
Potions
 a - 2 potions of invisibility
 d - 5 potions of curing
 e - a potion of heal wounds
 f - a potion of haste
 g - 2 potions of magic
 h - 3 potions of berserk rage
Comestibles
 c - 8 bread rations
 m - 40 fruits
 n - 7 meat rations


   Skills:
 + Level 11.7 Fighting
 + Level 11.0 Maces & Flails
 + Level 10.4 Armour
 - Level 2.4 Dodging
 - Level 1.5 Stealth
 + Level 12.1 Invocations


You had 7 spell levels left.
You didn't know any spells.

Dungeon Overview and Level Annotations

Branches:
Dungeon (1/1)

Altars:
Ashenzari
Cheibriados
Dithmenos
Elyvilon
Fedhas
Gozag
Hepliaklqana
Kikubaaqudgha
Makhleb
Nemelex Xobeh
Okawaru
Qazlal
Ru
Sif Muna
Trog
Uskayaw
Vehumet
Wu Jian
Xom
Yredelemnul
Zin
The Shining One
Beogh
Jiyva
Lugonu


Message History

Your orc looks more experienced.
Your orc wizard looks more experienced.
Your orc looks more experienced.
Your orc wizard hits the orc warrior but does no damage.
The orc wizard hits you with a dagger.
The orc warrior hits your orc wizard with a short sword.
Your orc wizard hits the orc warrior with a dagger.
The ynoxinul hits you but does no damage.
You hit the orc warrior.
The orc warrior is lightly wounded.
The orc wizard hits you but does no damage.
The orc warrior hits you with a short sword!!
Your orc wizard hits the orc warrior but does no damage.
Unknown command.
You hit the orc warrior but do no damage.
The orc warrior is lightly wounded.
Your orc wizard mumbles some strange words.
Your orc wizard blinks!
The ynoxinul gestures at you. The iron shot hits you!
You die...

#)#.....#'###...<...#
#.#........##.......#
#)#........##.......#
#†###########.......#
#.......#oo #########
#..###..#o# ###
#.......#§# ...#
##.###.##o#....#
#.......#@3M...+
#..###..#o#o...#
#.......†.# ...#
########### ###


You could see a ynoxinul, an orc warrior, a mummy, an orc wizard, 2 friendly orc
wizards and 2 friendly orcs.

Vanquished Creatures
  An orc knight (D)
  A troll (D)
  3 wargs (D)
  A floating eye (D)
  A big kobold (D)
  A bullfrog (D)
  4 wights (D)
  An iron imp (D)
  Ijyb (D)
  A gnoll (D)
  An adder (D)
  A river rat (D)
  A white imp (D)
  An adder zombie (D)
  2 leopard geckos (D)
  A bat skeleton (D)
  A quokka (D)
  A kobold (D)
24 creatures vanquished.

Vanquished Creatures (others)
  3 orcs (D)
3 creatures vanquished.

Grand Total: 27 creatures vanquished

Notes
Turn   | Place    | Note
-------+----------+-------------------------------------------
     0 | D        | potatolord6000 the Hill Orc Monk began the quest for the Orb.
     0 | D        | Reached XP level 1. HP: 19/19 MP: 1/1
    52 | D        | Found a bloodstained altar of Trog.
    52 | D        | Found a deep blue altar of Sif Muna.
    52 | D        | Found a viscous altar of Jiyva.
    52 | D        | Found a hazy altar of Hepliaklqana.
    52 | D        | Found an opulent altar of Gozag.
    57 | D        | Found a glowing golden altar of the Shining One.
    57 | D        | Found a glowing silver altar of Zin.
    57 | D        | Found a basalt altar of Yredelemnul.
    57 | D        | Found a shimmering altar of Xom.
    57 | D        | Found an ornate altar of the Wu Jian Council.
    57 | D        | Found a sacrificial altar of Ru.
    57 | D        | Found a stormy altar of Qazlal.
    57 | D        | Found an iron altar of Okawaru.
    57 | D        | Found a sparkling altar of Nemelex Xobeh.
    57 | D        | Found a burning altar of Makhleb.
    57 | D        | Found a blossoming altar of Fedhas.
    57 | D        | Found a white marble altar of Elyvilon.
    57 | D        | Found a shadowy altar of Dithmenos.
    57 | D        | Found a snail-covered altar of Cheibriados.
    60 | D        | Found a corrupted altar of Lugonu.
    60 | D        | Found a radiant altar of Vehumet.
    60 | D        | Found a roughly hewn altar of Beogh.
    62 | D        | Found a shattered altar of Ashenzari.
    62 | D        | Found an ancient bone altar of Kikubaaqudgha.
    62 | D        | Found a hide-covered altar of Uskayaw.
    69 | D        | Became a worshipper of Beogh the Brigand
    69 | D        | Reached * piety under Beogh
    69 | D        | Reached ** piety under Beogh
   191 | D        | Noticed a floating eye
   194 | D        | Reached skill level 1 in Armour
   199 | D        | Killed a floating eye
   199 | D        | Reached skill level 5 in Invocations
   199 | D        | Reached XP level 2. HP: 30/31 MP: 1/5
   199 | D        | Reached XP level 3. HP: 37/38 MP: 1/7
   199 | D        | Reached XP level 4. HP: 43/45 MP: 1/8
   277 | D        | Reached *** piety under Beogh
   428 | D        | Noticed a big kobold
   434 | D        | Reached skill level 5 in Armour
   434 | D        | Reached XP level 5. HP: 51/51 MP: 5/9
   437 | D        | Killed a big kobold
   437 | D        | Reached skill level 6 in Invocations
   441 | D        | Reached skill level 7 in Invocations
   546 | D        | Noticed a warg
   547 | D        | Noticed Ijyb
   547 | D        | Noticed a warg
   552 | D        | Killed Ijyb
   565 | D        | Reached XP level 6. HP: 53/61 MP: 3/11
   569 | D        | Reached **** piety under Beogh
   579 | D        | Killed a warg
   579 | D        | Reached skill level 9 in Invocations
   580 | D        | Killed a warg
   580 | D        | Reached XP level 7. HP: 31/70 MP: 5/14
   599 | D        | Reached ***** piety under Beogh
   604 | D        | Reached skill level 10 in Fighting
   604 | D        | Reached skill level 10 in Invocations
   708 | D        | Noticed an orc knight
   708 | D        | Noticed a troll
   708 | D        | Noticed a warg
   708 | D        | Noticed a ynoxinul
   710 | D        | Killed a warg
   715 | D        | Killed an orc knight
   715 | D        | Reached skill level 10 in Maces & Flails
   715 | D        | Reached skill level 10 in Armour
   715 | D        | Reached skill level 11 in Invocations
   715 | D        | Reached XP level 8. HP: 55/82 MP: 12/16
   719 | D        | Killed a troll
   719 | D        | Reached skill level 12 in Invocations
   721 | D        | Killed from afar by a ynoxinul

Vault maps used:
D:        pitsprint

Skill      XL: |  1  2  3  4  5  6  7  8 |
---------------+-------------------------+-----
Armour         | 4 5 6 8 10 | 10.4
Fighting       | 6 8 9 11 | 11.7
Maces & Flails | 6 7 8 10 11 | 11.0
Invocations    | 5 7 9 11 12 | 12.1
Dodging        | |  2.4
Stealth        | |  1.5

Action                   |  1- 3 |  4- 6 |  7- 9 || total
-------------------------+-------+-------+-------++-------
Melee: Mace              |    14 |    40 |    31 ||    85
Invok: Smiting           |       |     6 |     9 ||    15
  Use: Potion            |     1 |     1 |     6 ||     8
 Stab: Sleeping          |       |     2 |       ||     2
Armor: Robe              |     4 |     2 |       ||     6
       Plate armour      |       |    13 |    15 ||    28
Dodge: Dodged            |     5 |    35 |     7 ||    47

Table legend:
 A = Spawn XP
 B = Non-spawn XP
 C = Spawn XP percentage of total XP
 D = Spawn monster count
 E = Non-spawn monster count
 F = Spawn count percentage of total count
 G = Total turns spent on level
                    A         B        C        D         E        F      G
               +---------+---------+-------+---------+---------+-------+---------
         Total |       0 |    2145 |   0.0 |       0 |      24 |   0.0 |   721
               +---------+---------+-------+---------+---------+-------+---------
             D |       0 |    2145 |   0.0 |       0 |      24 |   0.0 |   721
               +---------+---------+-------+---------+---------+-------+---------
